High Goats vs Atomiques
Created - 23 février 2014 at 19:08
Goals
|
| High Goats |
0 |
4 |
1 |
5 |
| Atomiques |
1 |
4 |
2 |
7 |
|
Shots
|
| High Goats |
11 |
14 |
13 |
38 |
| Atomiques |
14 |
17 |
10 |
41 |
|
1st period
1. Atomiques , Brandon Dubinsky 41 (Alexandre Daigle, Linus Omark) at 16:00 (PP)
Penalties :
Alexandre Daigle (STB) for Roughing (Minor) at 9:37, Arturs Kulda (Buc) for Tripping (Minor) at 12:04, Jesse Winchester (Buc) for Hooking (Minor) at 15:46
2nd period
2. Atomiques , Linus Omark 37 (Brandon Dubinsky, John Carlson) at 3:52
3. High Goats , Chris Stewart 38 (Jesse Winchester, Jiri Tlusty) at 4:26
4. Atomiques , Ryan Shannon 17 (Luke Schenn, Mattias Ohlund) at 5:16
5. High Goats , Jesse Winchester 19 (Chris Stewart, Jiri Tlusty) at 9:25
6. High Goats , Chris Stewart 39 (Jesse Winchester) at 9:29
7. High Goats , Jesse Winchester 20 (Matt Taormina, Chris Stewart) at 10:21 (PP)
8. Atomiques , Ryan Shannon 18 (Brad Winchester) at 11:29 (PP)
9. Atomiques , Brad Winchester 24 (John Zeiler, Drew Larman) at 19:26
Penalties :
Luke Schenn (STB) for Diving (Minor) at 5:27, Mattias Ohlund (STB) for Roughing (Minor) at 9:32, Pavel Brendl (Buc) for Holding (Minor) at 10:55, Matt Irwin (Buc) for Interference (Minor) at 19:37
3rd period
10. Atomiques , Luke Schenn 2 (Linus Omark, Curtis McElhinney) at 5:29 (PP)
11. High Goats , Nick Bonino 11 (Pavel Brendl, Arturs Kulda) at 14:21
12. Atomiques , Linus Omark 38 (Brendon Nash, Casey Borer) at 16:58
Penalties :
Luke Schenn (STB) for Hooking (Minor) at 2:08, Joshua Bailey (Buc) for Roughing (Minor) at 4:28, Casey Borer (STB) for Roughing (Minor) at 14:36, Matt Taormina (Buc) for Hooking (Minor) at 19:10
Goalie Stats
Keith Kinkaid (Buc), 34 saves from 41 shots - (0,829), L, 13-22-4, 60:00 minutes
Curtis McElhinney (STB), 33 saves from 38 shots - (0,868), W, 2-7-1, 60:00 minutes
Players Stats for High Goats
Player Name G A P +/- PIM S H SB GA TA FO MP PP MP PK MP
------------------------------------------------------------------------------------
Anton Stralman 0 0 0 0 0 3 2 3 1 2 0/0 29:32 5:14 4:48
Arturs Kulda 0 1 1 2 2 0 5 2 0 0 0/0 11:15 0:00 0:34
Brandon Bollig 0 0 0 -1 0 1 0 0 0 0 0/0 14:26 0:27 0:00
Chris Stewart 2 2 4 2 0 7 1 0 0 1 1/2 23:46 4:48 4:55
Dana Tyrell 0 0 0 0 0 0 0 0 0 0 3/12 11:21 0:00 4:55
Drayson Bowman 0 0 0 -1 0 1 0 0 0 0 0/0 10:19 0:00 0:00
Gord Baldwin 0 0 0 2 0 0 2 0 0 0 0/0 11:11 0:00 0:14
Jason Ryznar 0 0 0 0 0 0 0 0 0 1 1/1 11:42 4:54 0:25
Jesse Winchester 2 2 4 2 2 6 6 0 0 0 17/33 19:54 4:39 1:16
Jiri Tlusty 0 2 2 2 0 3 0 0 0 0 1/1 19:05 3:48 1:16
Jonathan Tremblay 0 0 0 0 0 0 1 0 0 0 0/0 6:26 0:00 0:00
Joshua Bailey 0 0 0 -1 2 0 0 0 0 1 5/10 10:51 0:00 0:25
Matt Frattin 0 0 0 -1 0 2 2 1 1 1 0/1 10:22 0:03 0:00
Matt Irwin 0 0 0 0 2 1 3 0 0 1 0/0 28:01 5:14 3:17
Matt Taormina 0 1 1 -2 2 0 0 1 0 1 0/0 19:32 3:31 1:27
Nick Bonino 1 0 1 -1 0 4 3 0 0 0 9/17 17:31 3:48 0:00
Pavel Brendl 0 1 1 -1 2 10 1 2 0 0 0/1 17:30 3:48 0:00
Thomas Hickey 0 0 0 -2 0 0 0 1 0 0 0/0 20:34 3:31 2:52
Players Stats for Atomiques
Player Name G A P +/- PIM S H SB GA TA FO MP PP MP PK MP
------------------------------------------------------------------------------------
Alexandre Daigle 0 1 1 -1 2 2 2 1 2 0 1/1 22:59 4:05 3:45
Andrew Kozek 0 0 0 -1 0 1 0 0 0 0 0/0 9:07 0:00 2:06
Anthony Nigro 0 0 0 -1 0 0 0 0 0 0 3/4 6:54 0:00 0:00
Brad Winchester 1 1 2 0 0 2 0 0 0 0 0/0 15:27 2:31 1:12
Brandon Dubinsky 1 1 2 -1 0 2 1 0 0 0 22/44 23:28 4:05 4:40
Brendon Nash 0 1 1 2 0 3 3 2 0 0 0/0 25:01 5:03 4:37
Brett Sutter 0 0 0 1 0 0 0 0 0 0 5/7 11:52 0:00 0:57
Casey Borer 0 1 1 1 2 0 1 0 0 0 0/0 12:14 0:00 2:49
Drew Larman 0 1 1 1 0 1 3 0 0 0 9/15 17:03 2:31 2:25
Janne Niinimaa 0 0 0 0 0 3 0 0 0 0 0/0 9:57 0:00 0:35
John Carlson 0 1 1 1 0 3 0 1 0 0 0/0 22:59 5:03 3:19
John Zeiler 0 1 1 0 0 4 0 1 0 0 0/1 11:38 0:00 0:00
Kenndal McArdle 0 0 0 1 0 1 0 0 0 0 0/1 10:54 0:00 0:00
Linus Omark 2 2 4 0 0 12 0 1 0 0 1/3 21:36 4:05 2:25
Luke Schenn 1 1 2 -2 4 2 3 0 0 2 0/0 23:16 1:33 1:45
Mattias Ohlund 0 1 1 -1 2 0 3 1 4 0 0/0 26:20 1:33 4:25
Nick Johnson 0 0 0 -1 0 0 3 0 0 0 0/1 6:54 0:00 0:00
Ryan Shannon 2 0 2 1 0 5 1 0 2 0 0/1 13:31 2:31 0:00
3 Stars
1 - Jesse Winchester (Buc)
2 - Chris Stewart (Buc)
3 - Linus Omark (STB)
Power Play
High Goats - 1 on 5 Attempt(s) - 20,00%
Atomiques - 3 on 6 Attempt(s) - 50,00%
Penalty Kill
High Goats - 3 on 6 Attempt(s) - 50,00%
- Score 0 goal in Penalty Kill
Atomiques - 4 on 5 Attempt(s) - 80,00%
- Score 0 goal in Penalty Kill
Official
Referees : StLaurent Francois and Kimmerly Greg
Linesman : Scott Cherrey and Brad Kovachik
Game Notes
Anton Stralman is injured at 19:38 of 3rd period (Torso)
Finance
Level 1 -- Attendance: 1455 (72,75%) -- Ticket Income 50 925 $
Level 2 -- Attendance: 704 (70,40%) -- Ticket Income 10 560 $
Total Attendance: 2159 (71,97%)
Total Ticket Income: 61 485 $
Other Income: 3 074 $
Total Income: 64 559 $
High Goats
5 vs 5 Forward
Center Left Wing Right Wing Time % Phy DF OF
1 Jesse Winchester Jiri Tlusty Chris Stewart 40 1 2 2
2 Nick Bonino Brandon Bollig Pavel Brendl 30 1 2 2
3 Joshua Bailey Drayson Bowman Matt Frattin 20 1 2 2
4 Dana Tyrell Jason Ryznar Jonathan Tremblay 10 1 2 2
5 vs 5 Defense
Defense Defense Time % Phy DF OF
1 Matt Irwin Anton Stralman 40 1 2 2
2 Thomas Hickey Matt Taormina 30 1 2 2
3 Arturs Kulda Gord Baldwin 20 1 2 2
4 Matt Irwin Anton Stralman 10 1 2 2
PowerPlay Forward
Center Left Wing Right Wing Time % Phy DF OF
1 Jesse Winchester Jason Ryznar Chris Stewart 60 1 2 2
2 Nick Bonino Jiri Tlusty Pavel Brendl 40 1 2 2
PowerPlay Defense
Defense Defense Time % Phy DF OF
1 Matt Irwin Anton Stralman 60 1 2 2
2 Thomas Hickey Matt Taormina 40 1 2 2
Penalty Kill 4 Players Forward
Center Wing Time % Phy DF OF
1 Dana Tyrell Chris Stewart 60 1 2 2
2 Jesse Winchester Jiri Tlusty 40 1 2 2
Penalty Kill 4 Players Defense
Defense Defense Time % Phy DF OF
1 Matt Irwin Anton Stralman 60 1 2 2
2 Matt Taormina Arturs Kulda 40 1 2 2
Penalty Kill - 3 Players Forward
Forward Time % Phy DF OF
1 Dana Tyrell 60 1 2 2
2 Chris Stewart 40 1 2 2
Penalty Kill - 3 Players Defense
Defense Defense Time % Phy DF OF
1 Matt Irwin Anton Stralman 60 1 2 2
2 Matt Taormina Arturs Kulda 40 1 2 2
4 vs 4 Forward
Center Wing Time % Phy DF OF
1 Jesse Winchester Chris Stewart 60 1 2 2
2 Nick Bonino Pavel Brendl 40 1 2 2
4 vs 4 Defense
Defense Defense Time % Phy DF OF
1 Matt Irwin Anton Stralman 60 1 2 2
2 Thomas Hickey Matt Taormina 40 1 2 2
Last Minutes Offensive
Center Left Wing Right Wing Defense Defense
Jesse Winchester Jiri Tlusty Chris Stewart Matt Irwin Anton Stralman
Last Minutes Defensive
Center Left Wing Right Wing Defense Defense
Dana Tyrell Jiri Tlusty Chris Stewart Matt Irwin Anton Stralman
Goaltenders
Starting : Keith Kinkaid
Backup : Thomas McCollum
Extra Forwards
Normal : Brandon Bollig, Matt Frattin, Joshua Bailey - PP : Brandon Bollig, Matt Frattin - PK : Joshua Bailey
Extra Defensemen
Normal : Anton Stralman, Gord Baldwin, Thomas Hickey - PP : Gord Baldwin - PK : Thomas Hickey, Gord Baldwin
Penalty Shots
Pavel Brendl, Chris Stewart, Jiri Tlusty, Matt Frattin, Matt Irwin
Atomiques
5 vs 5 Forward
Center Left Wing Right Wing Time % Phy DF OF
1 Brandon Dubinsky Linus Omark Alexandre Daigle 40 1 2 2
2 Drew Larman Brad Winchester John Zeiler 30 1 2 2
3 Brett Sutter Kenndal McArdle Ryan Shannon 20 1 2 2
4 Anthony Nigro Andrew Kozek Nick Johnson 10 1 2 2
5 vs 5 Defense
Defense Defense Time % Phy DF OF
1 Mattias Ohlund Luke Schenn 40 1 2 2
2 John Carlson Brendon Nash 30 1 2 2
3 Casey Borer Janne Niinimaa 20 1 2 2
4 Luke Schenn Mattias Ohlund 10 1 2 2
PowerPlay Forward
Center Left Wing Right Wing Time % Phy DF OF
1 Brandon Dubinsky Linus Omark Alexandre Daigle 60 1 2 2
2 Drew Larman Brad Winchester Ryan Shannon 40 1 2 2
PowerPlay Defense
Defense Defense Time % Phy DF OF
1 Brendon Nash John Carlson 60 1 2 2
2 Luke Schenn Mattias Ohlund 40 1 2 2
Penalty Kill 4 Players Forward
Center Wing Time % Phy DF OF
1 Brandon Dubinsky Alexandre Daigle 60 1 2 2
2 Drew Larman Linus Omark 40 1 2 2
Penalty Kill 4 Players Defense
Defense Defense Time % Phy DF OF
1 Brendon Nash Mattias Ohlund 60 1 2 2
2 Luke Schenn John Carlson 40 1 2 2
Penalty Kill - 3 Players Forward
Forward Time % Phy DF OF
1 Brad Winchester 60 1 2 2
2 Alexandre Daigle 40 1 2 2
Penalty Kill - 3 Players Defense
Defense Defense Time % Phy DF OF
1 Janne Niinimaa John Carlson 60 1 2 2
2 Luke Schenn Mattias Ohlund 40 1 2 2
4 vs 4 Forward
Center Wing Time % Phy DF OF
1 Brandon Dubinsky Alexandre Daigle 60 1 2 2
2 Drew Larman Linus Omark 40 1 2 2
4 vs 4 Defense
Defense Defense Time % Phy DF OF
1 Mattias Ohlund John Carlson 60 1 2 2
2 Luke Schenn Brendon Nash 40 1 2 2
Last Minutes Offensive
Center Left Wing Right Wing Defense Defense
Brandon Dubinsky Brad Winchester Alexandre Daigle Luke Schenn John Carlson
Last Minutes Defensive
Center Left Wing Right Wing Defense Defense
Brandon Dubinsky Brad Winchester Alexandre Daigle Luke Schenn Mattias Ohlund
Goaltenders
Starting : Curtis McElhinney
Backup : Andrew Raycroft
Extra Forwards
Normal : Nick Johnson, Kenndal McArdle, Andrew Kozek - PP : Nick Johnson, Kenndal McArdle - PK : Andrew Kozek
Extra Defensemen
Normal : Casey Borer, Luke Schenn, Janne Niinimaa - PP : Luke Schenn - PK : Casey Borer, Janne Niinimaa
Penalty Shots
Brad Winchester, Alexandre Daigle, Ryan Shannon, John Zeiler, Linus Omark
% Time on Ice - High Goats
Lines # - Real PCT - Wanted PCT - Time Play
Normal Forward
1 - 32% - 40% - 14:11
2 - 31% - 30% - 13:43
3 - 23% - 20% - 10:19
4 - 14% - 10% - 6:26
Normal Defense
1 - 40% - 40% - 18:04
2 - 33% - 30% - 14:35
3 - 24% - 20% - 10:34
4 - 3% - 10% - 1:26
PP Forward
1 - 57% - 60% - 4:57
2 - 43% - 40% - 3:48
PP Defense
1 - 60% - 60% - 5:14
2 - 40% - 40% - 3:31
PK Forward
1 - 81% - 60% - 5:20
2 - 19% - 40% - 1:16
PK Defense
1 - 78% - 60% - 5:09
2 - 22% - 40% - 1:27
PK3 Forward
1 - 0% - 60%
2 - 0% - 40%
PK3 Defense
1 - 0% - 60%
2 - 0% - 40%
44 Forward
1 - 0% - 60%
2 - 0% - 40%
44 Defense
1 - 0% - 60%
2 - 0% - 40%
Last Minute Offensive - 0:00
Last Minute Defensive - 0:00
Total
Forward - 60:00
Defense - 60:00
|
% Time on Ice - Atomiques
Lines # - Real PCT - Wanted PCT - Time Play
Normal Forward
1 - 33% - 40% - 14:44
2 - 27% - 30% - 12:07
3 - 24% - 20% - 10:54
4 - 15% - 10% - 6:54
Normal Defense
1 - 43% - 40% - 19:19
2 - 33% - 30% - 14:43
3 - 20% - 20% - 9:03
4 - 4% - 10% - 1:34
PP Forward
1 - 62% - 60% - 4:05
2 - 38% - 40% - 2:31
PP Defense
1 - 77% - 60% - 5:03
2 - 23% - 40% - 1:33
PK Forward
1 - 72% - 60% - 6:20
2 - 28% - 40% - 2:25
PK Defense
1 - 60% - 60% - 5:14
2 - 40% - 40% - 3:31
PK3 Forward
1 - 0% - 60%
2 - 0% - 40%
PK3 Defense
1 - 0% - 60%
2 - 0% - 40%
44 Forward
1 - 0% - 60%
2 - 0% - 40%
44 Defense
1 - 0% - 60%
2 - 0% - 40%
Last Minute Offensive - 0:00
Last Minute Defensive - 0:00
Total
Forward - 60:00
Defense - 60:00
|
Play by Play
1st period
0:01 of 1st period - Brandon Dubinsky wins face-off versus Jesse Winchester in neutral zone.
0:52 of 1st period - Ryan Shannon is hit by Matt Frattin and loses puck.
1:47 of 1st period - Snap shot by Brandon Dubinsky.
1:47 of 1st period - Shot Blocked by Arturs Kulda.
1:57 of 1st period - Wrist shot by Pavel Brendl.
1:57 of 1st period - Stopped by Curtis McElhinney without a rebound.
1:58 of 1st period - Nick Bonino wins face-off versus Drew Larman in Atomiques zone.
2:11 of 1st period - Snap shot by John Zeiler.
2:11 of 1st period - Stopped by Keith Kinkaid without a rebound.
2:12 of 1st period - Jesse Winchester wins face-off versus Nick Johnson in High Goats zone.
2:17 of 1st period - Wrist shot by Chris Stewart.
2:17 of 1st period - Shot Hit the Post.
2:19 of 1st period - Wrist shot by Chris Stewart.
2:19 of 1st period - Shot Misses the Net.
3:08 of 1st period - Snap shot by Pavel Brendl.
3:08 of 1st period - Stopped by Curtis McElhinney without a rebound.
3:09 of 1st period - Anthony Nigro wins face-off versus Jesse Winchester in Atomiques zone.
3:09 of 1st period - Anthony Nigro is hit by Chris Stewart.
3:39 of 1st period - Slapshot by Linus Omark.
3:39 of 1st period - Stopped by Keith Kinkaid without a rebound.
3:40 of 1st period - Nick Bonino wins face-off versus Brandon Dubinsky in High Goats zone.
3:44 of 1st period - Off-side.
3:45 of 1st period - Joshua Bailey wins face-off versus Linus Omark in neutral zone.
4:15 of 1st period - Snap shot by Jesse Winchester.
4:15 of 1st period - Shot Blocked by John Zeiler.
4:17 of 1st period - Wrist shot by Jiri Tlusty.
4:17 of 1st period - Shot Misses the Net.
4:19 of 1st period - Slapshot by Anton Stralman.
4:19 of 1st period - Stopped by Curtis McElhinney with a rebound.
4:31 of 1st period - Brendon Nash is hit by Gord Baldwin and loses puck.
4:41 of 1st period - Off-side.
4:42 of 1st period - Jesse Winchester wins face-off versus Brandon Dubinsky in neutral zone.
5:35 of 1st period - Slapshot by Janne Niinimaa.
5:35 of 1st period - Stopped by Keith Kinkaid without a rebound.
5:36 of 1st period - Anthony Nigro wins face-off versus Nick Bonino in High Goats zone.
5:41 of 1st period - Snap shot by Nick Johnson.
5:41 of 1st period - Deflect By Andrew Kozek.
5:41 of 1st period - Stopped by Keith Kinkaid without a rebound.
5:42 of 1st period - Brandon Dubinsky wins face-off versus Nick Bonino in High Goats zone.
5:55 of 1st period - Luke Schenn is hit by Nick Bonino.
6:09 of 1st period - Wrist shot by Pavel Brendl.
6:09 of 1st period - Stopped by Curtis McElhinney with a rebound.
6:11 of 1st period - Slapshot by Chris Stewart.
6:11 of 1st period - Stopped by Curtis McElhinney without a rebound.
6:12 of 1st period - Jesse Winchester wins face-off versus Brett Sutter in Atomiques zone.
6:19 of 1st period - Snap shot by Chris Stewart.
6:19 of 1st period - Stopped by Curtis McElhinney with a rebound.
6:21 of 1st period - Snap shot by Chris Stewart.
6:21 of 1st period - Stopped by Curtis McElhinney without a rebound.
6:22 of 1st period - Brett Sutter wins face-off versus Joshua Bailey in Atomiques zone.
6:37 of 1st period - Wrist shot by Janne Niinimaa.
6:37 of 1st period - Shot Misses the Net.
6:39 of 1st period - Slapshot by Janne Niinimaa.
6:39 of 1st period - Shot Misses the Net.
6:41 of 1st period - Slapshot by Janne Niinimaa.
6:41 of 1st period - Stopped by Keith Kinkaid with a rebound.
6:43 of 1st period - Slapshot by Janne Niinimaa.
6:43 of 1st period - Shot Blocked by Arturs Kulda.
6:45 of 1st period - Slapshot by Janne Niinimaa.
6:45 of 1st period - Stopped by Keith Kinkaid with a rebound.
6:47 of 1st period - Backhand shot by Brett Sutter.
6:47 of 1st period - Deflect By Ryan Shannon.
6:47 of 1st period - Shot Misses the Net.
6:47 of 1st period - Puck is out of play.
6:48 of 1st period - Brandon Dubinsky wins face-off versus Jesse Winchester in High Goats zone.
7:03 of 1st period - Anton Stralman is hit by Luke Schenn.
7:22 of 1st period - Backhand shot by Brad Winchester.
7:22 of 1st period - Shot Blocked by Pavel Brendl.
7:34 of 1st period - Wrist shot by Nick Johnson.
7:34 of 1st period - Shot Misses the Net.
7:36 of 1st period - Slapshot by Janne Niinimaa.
7:36 of 1st period - Shot Blocked by Thomas Hickey.
7:38 of 1st period - Slapshot by Janne Niinimaa.
7:38 of 1st period - Shot Blocked by Matt Taormina.
7:54 of 1st period - Janne Niinimaa is hit by Jonathan Tremblay.
8:16 of 1st period - Slapshot by Brandon Dubinsky.
8:16 of 1st period - Shot Misses the Net.
8:57 of 1st period - Slapshot by Brendon Nash.
8:57 of 1st period - Shot Blocked by Anton Stralman.
9:37 of 1st period - Minor Penalty to Alexandre Daigle for Roughing.
9:38 of 1st period - Jesse Winchester wins face-off versus Brandon Dubinsky in Atomiques zone.
9:53 of 1st period - Snap shot by Chris Stewart.
9:53 of 1st period - Shot Misses the Net.
10:54 of 1st period - Linus Omark is hit by Jesse Winchester and loses puck.
11:37 of 1st period - Penalty to Alexandre Daigle is over, Alexandre Daigle is back on ice.
11:40 of 1st period - Icing by Andrew Kozek.
11:41 of 1st period - Joshua Bailey wins face-off versus Drew Larman in Atomiques zone.
11:48 of 1st period - Wrist shot by Drayson Bowman.
11:48 of 1st period - Shot Misses the Net.
12:02 of 1st period - Snap shot by Brandon Dubinsky.
12:02 of 1st period - Shot Misses the Net.
12:04 of 1st period - Minor Penalty to Arturs Kulda for Tripping.
12:05 of 1st period - Brandon Dubinsky wins face-off versus Dana Tyrell in High Goats zone.
12:08 of 1st period - Snap shot by Linus Omark.
12:08 of 1st period - Shot Blocked by Anton Stralman.
12:10 of 1st period - Snap shot by Brendon Nash.
12:10 of 1st period - Stopped by Keith Kinkaid without a rebound.
12:11 of 1st period - Brandon Dubinsky wins face-off versus Dana Tyrell in High Goats zone.
12:14 of 1st period - Backhand shot by Brandon Dubinsky.
12:14 of 1st period - Shot Misses the Net.
12:18 of 1st period - Wrist shot by Alexandre Daigle.
12:18 of 1st period - Shot Misses the Net.
12:20 of 1st period - Wrist shot by Alexandre Daigle.
12:20 of 1st period - Shot Blocked by Anton Stralman.
12:22 of 1st period - Slapshot by John Carlson.
12:22 of 1st period - Stopped by Keith Kinkaid with a rebound.
12:24 of 1st period - Slapshot by Alexandre Daigle.
12:24 of 1st period - Stopped by Keith Kinkaid with a rebound.
12:26 of 1st period - Wrist shot by Alexandre Daigle.
12:26 of 1st period - Shot Misses the Net.
12:44 of 1st period - Snap shot by Brad Winchester.
12:44 of 1st period - Stopped by Keith Kinkaid with a rebound.
13:36 of 1st period - Chris Stewart is hit by Brendon Nash and loses puck.
14:04 of 1st period - Penalty to Arturs Kulda is over, Arturs Kulda is back on ice.
14:26 of 1st period - Snap shot by Pavel Brendl.
14:26 of 1st period - Stopped by Curtis McElhinney without a rebound.
14:27 of 1st period - Anthony Nigro wins face-off versus Joshua Bailey in Atomiques zone.
14:40 of 1st period - Slapshot by Anton Stralman.
14:40 of 1st period - Shot Misses the Net.
14:58 of 1st period - Icing by Pavel Brendl.
14:59 of 1st period - Nick Bonino wins face-off versus Ryan Shannon in High Goats zone.
15:08 of 1st period - Slapshot by Pavel Brendl.
15:08 of 1st period - Shot Misses the Net.
15:24 of 1st period - Wrist shot by Nick Bonino.
15:24 of 1st period - Stopped by Curtis McElhinney without a rebound.
15:25 of 1st period - Jesse Winchester wins face-off versus Brandon Dubinsky in Atomiques zone.
15:38 of 1st period - Wrist shot by Linus Omark.
15:38 of 1st period - Stopped by Keith Kinkaid with a rebound.
15:40 of 1st period - Snap shot by Luke Schenn.
15:40 of 1st period - Deflect By Chris Stewart.
15:40 of 1st period - Stopped by Keith Kinkaid with a rebound.
15:46 of 1st period - Minor Penalty to Jesse Winchester for Hooking.
15:47 of 1st period - Dana Tyrell wins face-off versus Brandon Dubinsky in High Goats zone.
16:00 of 1st period - Snap shot by Alexandre Daigle.
16:00 of 1st period - Deflect By Brandon Dubinsky.
16:00 of 1st period - Goal by Brandon Dubinsky - High Goats : 0 - Atomiques : 1.
16:01 of 1st period - Brandon Dubinsky wins face-off versus Jesse Winchester in neutral zone.
16:31 of 1st period - Slapshot by Brendon Nash.
16:31 of 1st period - Stopped by Keith Kinkaid without a rebound.
16:32 of 1st period - Nick Bonino wins face-off versus Drew Larman in High Goats zone.
17:58 of 1st period - Off-side.
17:59 of 1st period - Drew Larman wins face-off versus Jesse Winchester in neutral zone.
18:25 of 1st period - Luke Schenn is hit by Arturs Kulda and loses puck.
18:38 of 1st period - Mattias Ohlund is hit by Arturs Kulda and loses puck.
18:58 of 1st period - Snap shot by Brandon Dubinsky.
18:58 of 1st period - Shot Misses the Net.
19:00 of 1st period - Slapshot by Luke Schenn.
19:00 of 1st period - Shot Misses the Net.
19:20 of 1st period - Snap shot by Jesse Winchester.
19:20 of 1st period - Stopped by Curtis McElhinney with a rebound.
19:32 of 1st period - Jonathan Tremblay is hit by Nick Johnson and loses puck.
19:58 of 1st period - Snap shot by Matt Frattin.
19:58 of 1st period - Stopped by Curtis McElhinney without a rebound.
19:59 of 1st period - Brett Sutter wins face-off versus Matt Frattin in Atomiques zone.
19:59 of 1st period - Brett Sutter is hit by Matt Frattin.
Goals for this period are 0 for High Goats vs 1 for Atomiques.
Shots for this period are 11 for High Goats vs 14 for Atomiques.
2nd period
0:01 of 2nd period - Alexandre Daigle wins face-off versus Jesse Winchester in neutral zone.
0:12 of 2nd period - Snap shot by Jiri Tlusty.
0:12 of 2nd period - Stopped by Curtis McElhinney with a rebound.
0:14 of 2nd period - Slapshot by Matt Irwin.
0:14 of 2nd period - Deflect By Chris Stewart.
0:14 of 2nd period - Stopped by Curtis McElhinney without a rebound.
0:15 of 2nd period - Nick Bonino wins face-off versus Drew Larman in Atomiques zone.
0:18 of 2nd period - Wrist shot by Nick Bonino.
0:18 of 2nd period - Stopped by Curtis McElhinney without a rebound.
0:19 of 2nd period - Drew Larman wins face-off versus Nick Bonino in Atomiques zone.
0:19 of 2nd period - Drew Larman is hit by Anton Stralman.
0:31 of 2nd period - Matt Irwin is hit by Mattias Ohlund and loses puck.
1:10 of 2nd period - Snap shot by Matt Frattin.
1:10 of 2nd period - Shot Misses the Net.
1:12 of 2nd period - Slapshot by Drayson Bowman.
1:12 of 2nd period - Stopped by Curtis McElhinney with a rebound.
1:14 of 2nd period - Wrist shot by Matt Frattin.
1:14 of 2nd period - Shot Misses the Net.
1:16 of 2nd period - Snap shot by Joshua Bailey.
1:16 of 2nd period - Shot Misses the Net.
1:54 of 2nd period - Slapshot by Pavel Brendl.
1:54 of 2nd period - Stopped by Curtis McElhinney without a rebound.
1:55 of 2nd period - Brandon Dubinsky wins face-off versus Jesse Winchester in Atomiques zone.
2:02 of 2nd period - Snap shot by Alexandre Daigle.
2:02 of 2nd period - Shot Misses the Net.
2:27 of 2nd period - Slapshot by Matt Irwin.
2:27 of 2nd period - Shot Blocked by John Carlson.
2:29 of 2nd period - Slapshot by Pavel Brendl.
2:29 of 2nd period - Stopped by Curtis McElhinney without a rebound.
2:30 of 2nd period - Brandon Dubinsky wins face-off versus Jesse Winchester in Atomiques zone.
2:30 of 2nd period - Brandon Dubinsky is hit by Jesse Winchester.
2:33 of 2nd period - Icing by Linus Omark.
2:34 of 2nd period - Brandon Dubinsky wins face-off versus Jesse Winchester in Atomiques zone.
3:19 of 2nd period - Snap shot by Ryan Shannon.
3:19 of 2nd period - Stopped by Keith Kinkaid without a rebound.
3:20 of 2nd period - Joshua Bailey wins face-off versus Kenndal McArdle in High Goats zone.
3:50 of 2nd period - Snap shot by Brandon Dubinsky.
3:50 of 2nd period - Shot Misses the Net.
3:52 of 2nd period - Wrist shot by Linus Omark.
3:52 of 2nd period - Goal by Linus Omark - High Goats : 0 - Atomiques : 2.
3:53 of 2nd period - Jesse Winchester wins face-off versus Brandon Dubinsky in neutral zone.
4:02 of 2nd period - Wrist shot by Linus Omark.
4:02 of 2nd period - Stopped by Keith Kinkaid without a rebound.
4:03 of 2nd period - Brandon Dubinsky wins face-off versus Jesse Winchester in High Goats zone.
4:26 of 2nd period - Snap shot by Chris Stewart.
4:26 of 2nd period - Goal by Chris Stewart - High Goats : 1 - Atomiques : 2.
4:27 of 2nd period - Brandon Dubinsky wins face-off versus Jesse Winchester in neutral zone.
4:34 of 2nd period - Slapshot by Linus Omark.
4:34 of 2nd period - Stopped by Keith Kinkaid with a rebound.
4:42 of 2nd period - Snap shot by Brandon Dubinsky.
4:42 of 2nd period - Stopped by Keith Kinkaid without a rebound.
4:43 of 2nd period - Drew Larman wins face-off versus Nick Bonino in High Goats zone.
4:48 of 2nd period - Snap shot by John Zeiler.
4:48 of 2nd period - Stopped by Keith Kinkaid without a rebound.
4:49 of 2nd period - Drew Larman wins face-off versus Nick Bonino in High Goats zone.
4:56 of 2nd period - Snap shot by John Zeiler.
4:56 of 2nd period - Stopped by Keith Kinkaid with a rebound.
4:58 of 2nd period - Snap shot by John Zeiler.
4:58 of 2nd period - Shot Misses the Net.
5:04 of 2nd period - Snap shot by Brad Winchester.
5:04 of 2nd period - Shot Misses the Net.
5:14 of 2nd period - Wrist shot by Ryan Shannon.
5:14 of 2nd period - Stopped by Keith Kinkaid with a rebound.
5:16 of 2nd period - Slapshot by Luke Schenn.
5:16 of 2nd period - Deflect By Ryan Shannon.
5:16 of 2nd period - Goal by Ryan Shannon - High Goats : 1 - Atomiques : 3.
5:17 of 2nd period - Jesse Winchester wins face-off versus Brandon Dubinsky in neutral zone.
5:27 of 2nd period - Minor Penalty to Luke Schenn for Diving.
5:28 of 2nd period - Jesse Winchester wins face-off versus Brandon Dubinsky in Atomiques zone.
5:30 of 2nd period - Snap shot by Chris Stewart.
5:30 of 2nd period - Shot Misses the Net.
5:32 of 2nd period - Slapshot by Chris Stewart.
5:32 of 2nd period - Shot Misses the Net.
6:09 of 2nd period - Wrist shot by Linus Omark.
6:09 of 2nd period - Stopped by Keith Kinkaid with a rebound.
6:11 of 2nd period - Snap shot by Linus Omark.
6:11 of 2nd period - Stopped by Keith Kinkaid with a rebound.
6:13 of 2nd period - Slapshot by Brendon Nash.
6:13 of 2nd period - Stopped by Keith Kinkaid with a rebound.
7:27 of 2nd period - Penalty to Luke Schenn is over, Luke Schenn is back on ice.
7:35 of 2nd period - Snap shot by Chris Stewart.
7:35 of 2nd period - Shot Blocked by Brendon Nash.
8:13 of 2nd period - Matt Irwin is hit by Nick Johnson and loses puck.
8:55 of 2nd period - Icing by Brendon Nash.
8:56 of 2nd period - Drew Larman wins face-off versus Nick Bonino in Atomiques zone.
8:56 of 2nd period - Drew Larman is hit by Nick Bonino.
9:04 of 2nd period - Snap shot by Alexandre Daigle.
9:04 of 2nd period - Shot Blocked by Pavel Brendl.
9:10 of 2nd period - Slapshot by Alexandre Daigle.
9:10 of 2nd period - Stopped by Keith Kinkaid without a rebound.
9:11 of 2nd period - Jiri Tlusty wins face-off versus John Zeiler in High Goats zone.
9:11 of 2nd period - Jiri Tlusty is hit by Drew Larman.
9:23 of 2nd period - Slapshot by Jesse Winchester.
9:23 of 2nd period - Shot Misses the Net.
9:25 of 2nd period - Snap shot by Jesse Winchester.
9:25 of 2nd period - Goal by Jesse Winchester - High Goats : 2 - Atomiques : 3.
9:26 of 2nd period - Jesse Winchester wins face-off versus Brandon Dubinsky in neutral zone.
9:29 of 2nd period - Snap shot by Chris Stewart.
9:29 of 2nd period - Goal by Chris Stewart - High Goats : 3 - Atomiques : 3.
9:30 of 2nd period - Brandon Dubinsky wins face-off versus Jesse Winchester in neutral zone.
9:32 of 2nd period - Minor Penalty to Mattias Ohlund for Roughing.
9:33 of 2nd period - Brandon Dubinsky wins face-off versus Jesse Winchester in Atomiques zone.
10:05 of 2nd period - Wrist shot by Jiri Tlusty.
10:05 of 2nd period - Stopped by Curtis McElhinney without a rebound.
10:06 of 2nd period - Jesse Winchester wins face-off versus Drew Larman in Atomiques zone.
10:17 of 2nd period - Wrist shot by Chris Stewart.
10:17 of 2nd period - Stopped by Curtis McElhinney with a rebound.
10:19 of 2nd period - Slapshot by Matt Taormina.
10:19 of 2nd period - Shot Blocked by Linus Omark.
10:21 of 2nd period - Slapshot by Jesse Winchester.
10:21 of 2nd period - Goal by Jesse Winchester - High Goats : 4 - Atomiques : 3.
10:22 of 2nd period - Chris Stewart wins face-off versus Brandon Dubinsky in neutral zone.
10:25 of 2nd period - Snap shot by Matt Irwin.
10:25 of 2nd period - Shot Blocked by Mattias Ohlund.
10:47 of 2nd period - Anton Stralman is hit by Mattias Ohlund and loses puck.
10:52 of 2nd period - Slapshot by John Zeiler.
10:52 of 2nd period - Stopped by Keith Kinkaid without a rebound.
10:53 of 2nd period - Nick Bonino wins face-off versus Brandon Dubinsky in High Goats zone.
10:55 of 2nd period - Minor Penalty to Pavel Brendl for Holding.
10:56 of 2nd period - Brandon Dubinsky wins face-off versus Dana Tyrell in High Goats zone.
11:09 of 2nd period - Wrist shot by Linus Omark.
11:09 of 2nd period - Stopped by Keith Kinkaid with a rebound.
11:29 of 2nd period - Snap shot by Ryan Shannon.
11:29 of 2nd period - Goal by Ryan Shannon - High Goats : 4 - Atomiques : 4.
11:30 of 2nd period - Jesse Winchester wins face-off versus Brandon Dubinsky in neutral zone.
11:55 of 2nd period - Anton Stralman is hit by Luke Schenn.
12:01 of 2nd period - Snap shot by Pavel Brendl.
12:01 of 2nd period - Stopped by Curtis McElhinney with a rebound.
12:03 of 2nd period - Snap shot by Brandon Bollig.
12:03 of 2nd period - Shot Misses the Net.
12:17 of 2nd period - Matt Frattin is hit by Ryan Shannon and loses puck.
12:56 of 2nd period - Luke Schenn is hit by Gord Baldwin and loses puck.
15:04 of 2nd period - Joshua Bailey is hit by Alexandre Daigle and loses puck.
15:15 of 2nd period - Arturs Kulda is hit by Casey Borer.
16:23 of 2nd period - Casey Borer is hit by Matt Irwin and loses puck.
17:04 of 2nd period - Chris Stewart is hit by Drew Larman and loses puck.
17:19 of 2nd period - Thomas Hickey is hit by Luke Schenn and loses puck.
17:46 of 2nd period - Kenndal McArdle is hit by Jesse Winchester and loses puck.
18:04 of 2nd period - Brandon Bollig is hit by Brendon Nash and loses puck.
18:15 of 2nd period - Dana Tyrell is hit by Nick Johnson and loses puck.
18:34 of 2nd period - John Carlson is hit by Arturs Kulda and loses puck.
18:42 of 2nd period - Icing by John Carlson.
18:43 of 2nd period - Linus Omark wins face-off versus Joshua Bailey in Atomiques zone.
18:53 of 2nd period - Slapshot by Matt Irwin.
18:53 of 2nd period - Shot Misses the Net.
19:05 of 2nd period - Linus Omark is hit by Matt Irwin and loses puck.
19:12 of 2nd period - Backhand shot by Pavel Brendl.
19:12 of 2nd period - Stopped by Curtis McElhinney without a rebound.
19:13 of 2nd period - Drew Larman wins face-off versus Nick Bonino in Atomiques zone.
19:26 of 2nd period - Snap shot by Brad Winchester.
19:26 of 2nd period - Deflect By Pavel Brendl.
19:26 of 2nd period - Goal by Brad Winchester - High Goats : 4 - Atomiques : 5.
19:27 of 2nd period - Brandon Dubinsky wins face-off versus Chris Stewart in neutral zone.
19:37 of 2nd period - Minor Penalty to Matt Irwin for Interference.
19:38 of 2nd period - Dana Tyrell wins face-off versus Brandon Dubinsky in High Goats zone.
Goals for this period are 4 for High Goats vs 4 for Atomiques.
Shots for this period are 14 for High Goats vs 17 for Atomiques.
3rd period
0:01 of 3rd period - Dana Tyrell wins face-off versus Linus Omark in neutral zone.
0:29 of 3rd period - Slapshot by Ryan Shannon.
0:29 of 3rd period - Deflect By Anton Stralman.
0:29 of 3rd period - Shot Misses the Net.
0:29 of 3rd period - Puck is out of play.
0:30 of 3rd period - Drew Larman wins face-off versus Dana Tyrell in High Goats zone.
1:03 of 3rd period - Wrist shot by Linus Omark.
1:03 of 3rd period - Stopped by Keith Kinkaid with a rebound.
1:15 of 3rd period - Drew Larman is hit by Jesse Winchester and loses puck.
1:37 of 3rd period - Penalty to Matt Irwin is over, Matt Irwin is back on ice.
1:45 of 3rd period - Icing by Brendon Nash.
1:46 of 3rd period - Nick Bonino wins face-off versus Brandon Dubinsky in Atomiques zone.
1:49 of 3rd period - Backhand shot by Pavel Brendl.
1:49 of 3rd period - Stopped by Curtis McElhinney with a rebound.
1:53 of 3rd period - Snap shot by Pavel Brendl.
1:53 of 3rd period - Shot Misses the Net.
1:55 of 3rd period - Slapshot by Nick Bonino.
1:55 of 3rd period - Shot Blocked by Alexandre Daigle.
1:57 of 3rd period - Slapshot by Brandon Bollig.
1:57 of 3rd period - Stopped by Curtis McElhinney without a rebound.
1:58 of 3rd period - Drew Larman wins face-off versus Nick Bonino in Atomiques zone.
2:03 of 3rd period - Wrist shot by Pavel Brendl.
2:03 of 3rd period - Deflect By Drew Larman.
2:03 of 3rd period - Shot Misses the Net.
2:03 of 3rd period - Puck is out of play.
2:04 of 3rd period - Nick Bonino wins face-off versus Drew Larman in Atomiques zone.
2:08 of 3rd period - Minor Penalty to Luke Schenn for Hooking.
2:09 of 3rd period - Jason Ryznar wins face-off versus Brandon Dubinsky in Atomiques zone.
2:25 of 3rd period - Wrist shot by Jesse Winchester.
2:25 of 3rd period - Stopped by Curtis McElhinney without a rebound.
2:26 of 3rd period - Nick Bonino wins face-off versus Brandon Dubinsky in Atomiques zone.
3:01 of 3rd period - Wrist shot by Linus Omark.
3:01 of 3rd period - Shot Misses the Net.
3:03 of 3rd period - Backhand shot by Drew Larman.
3:03 of 3rd period - Stopped by Keith Kinkaid without a rebound.
3:04 of 3rd period - Brandon Dubinsky wins face-off versus Pavel Brendl in High Goats zone.
3:39 of 3rd period - Slapshot by Anton Stralman.
3:39 of 3rd period - Stopped by Curtis McElhinney with a rebound.
4:08 of 3rd period - Penalty to Luke Schenn is over, Luke Schenn is back on ice.
4:28 of 3rd period - Minor Penalty to Joshua Bailey for Roughing.
4:29 of 3rd period - Brandon Dubinsky wins face-off versus Dana Tyrell in High Goats zone.
4:55 of 3rd period - Ryan Shannon is hit by Matt Irwin.
5:17 of 3rd period - Wrist shot by Jiri Tlusty.
5:17 of 3rd period - Stopped by Curtis McElhinney without a rebound.
5:18 of 3rd period - Jesse Winchester wins face-off versus Brandon Dubinsky in Atomiques zone.
5:29 of 3rd period - Slapshot by Luke Schenn.
5:29 of 3rd period - Goal by Luke Schenn - High Goats : 4 - Atomiques : 6.
5:30 of 3rd period - Jesse Winchester wins face-off versus Brandon Dubinsky in neutral zone.
6:44 of 3rd period - Luke Schenn is hit by Arturs Kulda and loses puck.
7:01 of 3rd period - Luke Schenn is hit by Jesse Winchester and loses puck.
7:52 of 3rd period - Brendon Nash is hit by Nick Bonino and loses puck.
7:59 of 3rd period - Snap shot by Pavel Brendl.
7:59 of 3rd period - Shot Blocked by Brendon Nash.
8:01 of 3rd period - Snap shot by Matt Irwin.
8:01 of 3rd period - Stopped by Curtis McElhinney with a rebound.
8:03 of 3rd period - Snap shot by Nick Bonino.
8:03 of 3rd period - Stopped by Curtis McElhinney with a rebound.
8:07 of 3rd period - Snap shot by Pavel Brendl.
8:07 of 3rd period - Stopped by Curtis McElhinney without a rebound.
8:08 of 3rd period - Jesse Winchester wins face-off versus Brandon Dubinsky in Atomiques zone.
8:19 of 3rd period - Snap shot by Jesse Winchester.
8:19 of 3rd period - Stopped by Curtis McElhinney without a rebound.
8:20 of 3rd period - Jesse Winchester wins face-off versus Brandon Dubinsky in Atomiques zone.
8:31 of 3rd period - Wrist shot by Linus Omark.
8:31 of 3rd period - Stopped by Keith Kinkaid with a rebound.
8:33 of 3rd period - Slapshot by John Carlson.
8:33 of 3rd period - Stopped by Keith Kinkaid with a rebound.
8:35 of 3rd period - Snap shot by Linus Omark.
8:35 of 3rd period - Stopped by Keith Kinkaid with a rebound.
8:56 of 3rd period - Snap shot by Joshua Bailey.
8:56 of 3rd period - Shot Misses the Net.
9:08 of 3rd period - Slapshot by John Carlson.
9:08 of 3rd period - Deflect By Kenndal McArdle.
9:08 of 3rd period - Shot Misses the Net.
9:08 of 3rd period - Puck is out of play.
9:09 of 3rd period - Brett Sutter wins face-off versus Dana Tyrell in High Goats zone.
9:22 of 3rd period - Wrist shot by Ryan Shannon.
9:22 of 3rd period - Stopped by Keith Kinkaid with a rebound.
9:24 of 3rd period - Snap shot by Ryan Shannon.
9:24 of 3rd period - Deflect By Kenndal McArdle.
9:24 of 3rd period - Stopped by Keith Kinkaid without a rebound.
9:25 of 3rd period - Brandon Dubinsky wins face-off versus Jesse Winchester in High Goats zone.
9:52 of 3rd period - Brandon Bollig is hit by Drew Larman and loses puck.
10:34 of 3rd period - Snap shot by John Carlson.
10:34 of 3rd period - Stopped by Keith Kinkaid without a rebound.
10:35 of 3rd period - Jesse Winchester wins face-off versus Anthony Nigro in High Goats zone.
11:00 of 3rd period - Pavel Brendl is hit by Mattias Ohlund and loses puck.
11:39 of 3rd period - Slapshot by Anton Stralman.
11:39 of 3rd period - Stopped by Curtis McElhinney without a rebound.
11:40 of 3rd period - Drew Larman wins face-off versus Jesse Winchester in Atomiques zone.
12:32 of 3rd period - Slapshot by Anton Stralman.
12:32 of 3rd period - Shot Misses the Net.
12:42 of 3rd period - Kenndal McArdle is hit by Jesse Winchester and loses puck.
12:47 of 3rd period - Wrist shot by Jesse Winchester.
12:47 of 3rd period - Stopped by Curtis McElhinney with a rebound.
13:51 of 3rd period - Snap shot by Pavel Brendl.
13:51 of 3rd period - Shot Misses the Net.
14:21 of 3rd period - Slapshot by Nick Bonino.
14:21 of 3rd period - Goal by Nick Bonino - High Goats : 5 - Atomiques : 6.
14:22 of 3rd period - Jesse Winchester wins face-off versus Brandon Dubinsky in neutral zone.
14:36 of 3rd period - Minor Penalty to Casey Borer for Roughing.
14:37 of 3rd period - Brandon Dubinsky wins face-off versus Jesse Winchester in Atomiques zone.
14:53 of 3rd period - Wrist shot by Alexandre Daigle.
14:53 of 3rd period - Shot Misses the Net.
15:03 of 3rd period - Brandon Dubinsky is hit by Pavel Brendl and loses puck.
16:36 of 3rd period - Penalty to Casey Borer is over, Casey Borer is back on ice.
16:58 of 3rd period - Slapshot by Linus Omark.
16:58 of 3rd period - Goal by Linus Omark - High Goats : 5 - Atomiques : 7.
16:59 of 3rd period - Joshua Bailey wins face-off versus Brett Sutter in neutral zone.
17:06 of 3rd period - Wrist shot by Matt Frattin.
17:06 of 3rd period - Stopped by Curtis McElhinney without a rebound.
17:07 of 3rd period - Brett Sutter wins face-off versus Joshua Bailey in Atomiques zone.
17:34 of 3rd period - Matt Irwin is hit by Alexandre Daigle and loses puck.
18:05 of 3rd period - John Zeiler is hit by Anton Stralman and loses puck.
18:37 of 3rd period - Off-side.
18:38 of 3rd period - Joshua Bailey wins face-off versus Brandon Dubinsky in neutral zone.
18:41 of 3rd period - Alexandre Daigle is hit by Arturs Kulda and loses puck.
18:48 of 3rd period - Wrist shot by Brendon Nash.
18:48 of 3rd period - Deflect By Brandon Dubinsky.
18:48 of 3rd period - Shot Blocked by Matt Frattin.
18:48 of 3rd period - Puck is out of play.
18:49 of 3rd period - Brett Sutter wins face-off versus Joshua Bailey in High Goats zone.
19:10 of 3rd period - Minor Penalty to Matt Taormina for Hooking.
19:11 of 3rd period - Brandon Dubinsky wins face-off versus Dana Tyrell in High Goats zone.
19:16 of 3rd period - Wrist shot by Alexandre Daigle.
19:16 of 3rd period - Shot Misses the Net.
19:26 of 3rd period - Chris Stewart is hit by Brandon Dubinsky and loses puck.
19:37 of 3rd period - Anton Stralman is hit by Brendon Nash and loses puck.
19:38 of 3rd period - Anton Stralman from High Goats is injured at 19:38 of 3rd period (Torso).
19:39 of 3rd period - Brandon Dubinsky wins face-off versus Dana Tyrell in High Goats zone.
19:51 of 3rd period - Icing by Brandon Dubinsky.
19:52 of 3rd period - Brandon Dubinsky wins face-off versus Dana Tyrell in Atomiques zone.
Goals for this period are 1 for High Goats vs 2 for Atomiques.
Shots for this period are 13 for High Goats vs 10 for Atomiques.
Output by the SimonT Hockey Simulator (STHS) for François Prévost -- Original Page W3C XHTML 1.0 Valid